3061 views
Uploaded 2020-04-30 15:02:14
Game version 1.32.4 / 1.32.5
11:30 long 1on1 custom game on (2)ConcealedHill
Game name "W3Champions-20-MWGN3DeEzS"
Saved by Dziango
3061 views
Uploaded 2020-04-30 15:02:14
Game version 1.32.4 / 1.32.5
11:30 long 1on1 custom game on (2)ConcealedHill
Game name "W3Champions-20-MWGN3DeEzS"
17 units @ 2.7k
/ 0.4k
10 buildings @ 1.6k
/ 0.5k



| Rod of Necromancy | 3 | 450 |
| Orb of Corruption | 1 | 375 |
| Dust of Appearance | 3 | 225 |
| Scroll of Healing | 1 | 250 |
| total: | 8 | 1300g |
| Acolyte | 5 | 375 | / | 0 |
| Ghoul | 2 | 240 | / | 0 |
| Crypt Fiend | 6 | 1290 | / | 240 |
| Obsidian Statue | 4 | 800 | / | 140 |
| total: | 17 | 2705g | / | 380w |
| Ziggurat | 5 | 750 | / | 250 |
| Altar of Darkness | 1 | 180 | / | 50 |
| Crypt | 1 | 200 | / | 50 |
| Tomb of Relics | 1 | 130 | / | 30 |
| Graveyard | 1 | 215 | / | 0 |
| Slaughterhouse | 1 | 140 | / | 135 |
| Halls of the Dead | 1 | 320 | / | 210 |
| Black Citadel | 1 | 325 | / | 230 |
| total: | 10 | 1615g | / | 515w |
| 0:01 | Acolyte |
| 0:03 | Ziggurat |
| 0:06 | Altar of Darkness |
| 0:13 | Acolyte |
| 0:32 | Crypt |
| 0:40 | Acolyte |
| 0:40 | Acolyte |
| 0:40 | Acolyte |
| 0:59 | Tomb of Relics |
| 1:17 | Graveyard |
| 1:33 | Ghoul |
| 1:44 | Ghoul |
| 2:05 | Rod of Necromancy |
| 2:07 | Death Coil |
| 2:40 | Halls of the Dead |
| 2:53 | Crypt Fiend |
| 3:01 | Ziggurat |
| 3:20 | Rod of Necromancy |
| 3:22 | Dust of Appearance |
| 3:47 | Unholy Aura |
| 3:58 | Crypt Fiend |
| 4:30 | Crypt Fiend |
| 5:22 | Black Citadel |
| 5:36 | Slaughterhouse |
| 5:51 | Ziggurat |
| 6:00 | Frost Armor |
| 6:05 | Rod of Necromancy |
| 6:12 | Burrow |
| 6:26 | Dust of Appearance |
| 6:46 | Obsidian Statue |
| 6:55 | Death Coil |
| 6:58 | Obsidian Statue |
| 7:08 | Ziggurat |
| 7:43 | Crypt Fiend |
| 8:17 | Orb of Corruption |
| 8:17 | Dust of Appearance |
| 8:27 | Destroyer Form |
| 8:29 | Crypt Fiend |
| 8:47 | Frost Nova |
| 9:09 | Howl of Terror |
| 9:23 | Scroll of Healing |
| 9:40 | Ziggurat |
| 10:10 | Obsidian Statue |
| 10:44 | Obsidian Statue |
| 11:01 | Crypt Fiend |
| 11:10 | Cleaving Attack |
22 units @ 3.1k
/ 0.3k
9 buildings @ 1.5k
/ 0.4k



| Healing Salve | 4 | 400 |
| Scroll of Speed | 1 | 50 |
| Lesser Clarity Potion | 3 | 210 |
| Dust of Appearance | 1 | 75 |
| Circlet of Nobility | 2 | 350 |
| Potion of Lesser Invulnerability | 1 | 150 |
| total: | 12 | 1235g |
| Peon | 8 | 600 | / | 0 |
| Grunt | 4 | 800 | / | 0 |
| Raider | 4 | 720 | / | 160 |
| Kodo Beast | 1 | 255 | / | 60 |
| Troll Headhunter | 1 | 140 | / | 20 |
| Troll Berserker | 4 | 560 | / | 80 |
| total: | 22 | 3075g | / | 320w |
| Altar of Storms | 1 | 180 | / | 50 |
| Orc Burrow | 4 | 640 | / | 160 |
| Barracks | 1 | 180 | / | 50 |
| Voodoo Lounge | 1 | 130 | / | 30 |
| War Mill | 1 | 205 | / | 0 |
| Beastiary | 1 | 145 | / | 140 |
| Stronghold | 1 | 315 | / | 190 |
| Fortress | 1 | 325 | / | 190 |
| total: | 9 | 1480g | / | 430w |
| 0:01 | Peon |
| 0:01 | Peon |
| 0:05 | Altar of Storms |
| 0:14 | Orc Burrow |
| 0:16 | Peon |
| 0:20 | Peon |
| 0:33 | Barracks |
| 0:41 | Peon |
| 0:52 | Peon |
| 1:01 | Peon |
| 1:24 | Voodoo Lounge |
| 1:35 | Grunt |
| 1:39 | Peon |
| 2:05 | Wind Walk |
| 2:25 | Stronghold |
| 2:54 | Healing Salve |
| 3:01 | Orc Burrow |
| 3:20 | Critical Strike |
| 3:54 | Grunt |
| 4:32 | Grunt |
| 5:02 | Fortress |
| 5:04 | Beastiary |
| 5:19 | Dust of Appearance |
| 5:20 | Circlet of Nobility |
| 5:25 | Orc Burrow |
| 5:33 | Berserker Strength |
| 5:39 | War Mill |
| 5:57 | Healing Wave |
| 5:58 | Healing Salve |
| 5:58 | Scroll of Speed |
| 6:15 | Ensnare |
| 6:39 | Grunt |
| 6:50 | Orc Burrow |
| 6:54 | Raider |
| 6:56 | Healing Salve |
| 6:57 | Lesser Clarity Potion |
| 7:11 | Circlet of Nobility |
| 7:57 | Hex |
| 8:03 | Kodo Beast |
| 8:44 | Potion of Lesser Invulnerability |
| 8:55 | War Stomp |
| 8:57 | Berserker Upgrade |
| 8:57 | Troll Headhunter |
| 9:11 | Lesser Clarity Potion |
| 9:11 | Healing Salve |
| 9:14 | Lesser Clarity Potion |
| 9:22 | Raider |
| 9:47 | Troll Berserker |
| 10:36 | Troll Berserker |
| 10:36 | Raider |
| 10:49 | Critical Strike |
| 10:59 | Troll Berserker |
| 10:59 | Raider |
| 11:03 | Troll Berserker |